 Dungeon Crawl Stone Soup version 0.20.0-15-g7f486f2 (webtiles) character file.

22234 Omegatherion the Fighter (level 12, 0/80 HPs)
             Began as a Gargoyle Fighter on June 29, 2017.
             Was a Priest of the Shining One.
             Killed from afar by a raiju (shapeshifter) (2 damage)
             ... with a living lightning
             ... on level 13 of the Dungeon.
             The game lasted 00:36:41 (10792 turns).

Omegatherion the Fighter (Gargoyle Fighter)        Turns: 10792, Time: 00:36:42

Health: 0/80       AC: 19    Str: 20    XL:     12   Next: 98%
Magic:  9/19       EV: 10    Int: 10    God:    the Shining One [***...]
Gold:   718        SH:  6    Dex:  9    Spells: 11/11 levels left

rFire    + . .     SeeInvis .   t - +1 mace (crush)
rCold    + . .     Gourm    .   I - +0 buckler
rNeg     + + .     Faith    .   R - +2 ring mail of Peek-a-Boo {rC++ Str-4 Slay+6}
rPois    ∞         Spirit   .   (no helmet)
rElec    +         Reflect  .   (no cloak)
rCorr    +         Harm     .   v - +0 pair of gloves
MR       .....                  (no boots)
Stlth    ..........             W - amulet of regeneration
Regen    0.7/turn               p - ring of resist corrosion
MPRegen  0.2/turn               H - ring of fire

@: glowing
A: negative energy resistance 1, electricity resistance, unbreathing,
petrification resistance, rot immunity, AC +8
a: Divine Shield, Renounce Religion


You were on level 13 of the Dungeon.
You worshipped the Shining One.
The Shining One was most pleased with you.
You were very hungry.

You visited 1 branch of the dungeon, and saw 13 of its levels.

You collected 718 gold pieces.

Inventory:

Hand Weapons
 t - a +1 mace of crushing (weapon)
 x - a +2 flail of protection
 y - a +0 morningstar
Missiles
 D - 12 tomahawks (quivered)
Armour
 b - a +2 troll leather armour {Snorg}
 c - a +0 shield
 v - a +0 pair of gloves (worn)
 I - a +0 buckler (worn)
 K - a +1 plate armour
 R - the +2 ring mail of Peek-a-Boo (worn) {rC++ Str-4 Slay+6}
   (You found it on level 12 of the Dungeon)

   It affects your strength (-4).
   It affects your accuracy and damage with ranged weapons and melee attacks
   (+6).
   It greatly protects you from cold.
Jewellery
 j - an uncursed ring of flight
 m - a +3 ring of intelligence
 p - a ring of resist corrosion (left hand)
 H - a ring of fire (right hand)
 U - an uncursed ring of magical power
 W - an amulet of regeneration (around neck)
Wands
 a - a wand of flame (24/48)
 i - a wand of disintegration (13/24)
 s - a wand of iceblast (3/15)
 E - a wand of scattershot (6/9)
 S - a wand of iceblast (4/15)
 V - a wand of acid (6/15)
Scrolls
 e - 2 scrolls of enchant armour
 k - 7 scrolls of remove curse
 l - 2 scrolls of blinking
 n - 3 scrolls of fog
 q - 2 scrolls of enchant weapon
 w - 4 scrolls of teleportation {unknown}
 G - 4 scrolls of immolation {unknown}
 J - a scroll of torment {unknown}
 L - a scroll of acquirement {unknown}
 O - a scroll of recharging {unknown}
 Q - a scroll of random uselessness {unknown}
 T - 2 scrolls of amnesia {unknown}
 Y - a scroll of brand weapon {unknown}
 Z - 2 scrolls of magic mapping {unknown}
Potions
 d - 2 potions of might
 z - 3 potions of brilliance
 A - 2 potions of haste
 B - 3 potions of invisibility {unknown}
 C - 2 potions of curing
 M - 2 potions of agility
 N - 2 potions of magic {unknown}
Books
 X - a book of Maledictions

   Spells                             Type                      Level
   a - Corona                         Hexes                        1
   b - Ensorcelled Hibernation        Hexes/Ice                    2
   c - Confuse                        Hexes                        3
   d - Tukima's Dance                 Hexes                        3
   e - Dazzling Spray                 Conjuration/Hexes            3
Comestibles
 f - 3 bread rations
 g - 23 fruits
 h - 9 meat rations
 r - 3 royal jellies


   Skills:
 + Level 11.1 Fighting
 + Level 9.9 Maces & Flails
 + Level 11.0 Armour
 + Level 11.1 Shields
 + Level 10.0 Invocations


You had 11 spell levels left.
You didn't know any spells.

Dungeon Overview and Level Annotations

Branches:
Dungeon (13/15)            Temple (0/1) D:4            Lair (0/6) D:11
    Orc: D:9-12      Vaults: D:13-14

Altars:
Ashenzari
Dithmenos
Gozag
Kikubaaqudgha
Makhleb
Nemelex Xobeh
Qazlal
Trog
Uskayaw
Yredelemnul
Zin
The Shining One

Shops:
D:6 }

Annotations:
D:9 Maurice
D:12 Urug


Innate Abilities, Weirdness & Mutations

You are resistant to torment.
Your stone body is resilient. (AC +8)
You are immune to poison.
You resist negative energy. (rN+)
You are resistant to electric shocks. (rElec)
You can survive without breathing.
You are immune to petrification.
You are immune to rotting.


Message History

* * * LOW HITPOINT WARNING * * *
A yak comes into view.
The golden flame engulfs you! You resist.
The golden flame engulfs the tengu warrior.
The tengu warrior is almost dead.
The golden flame engulfs the yak.
The yak is almost dead.
The golden flame engulfs the raiju.
The raiju is almost dead.
You feel somewhat more hungry.
You can no longer channel blasts of cleansing flame.
The tengu warrior hits you but does no damage.
The tengu warrior pecks you.
* * * LOW HITPOINT WARNING * * *
The tengu warrior claws you.
* * * LOW HITPOINT WARNING * * *
The yak gores you but does no damage.
The raiju bursts into living lightning!
The living lightning hits you! You resist.
You die...

.............#......#...
..........(.###..........
.............#...........
........≈..............<.
.......≈≈≈...............
..................§......
..................§§§....
########.........≈§§§§Y..
#........@Q≈.§....
#........Yh.Y.....
#........[...§....
#.................
.#######.................
....)†...................
###.).##..........$......
...).....................
.........................


You could see a tengu warrior, 3 yaks and a raiju shaped shifter.

Vanquished Creatures
  Snorg (D:13)
  The ghost of zebratul the Spear-Bearer, a journeyman DsGl of Okawaru (D:12)
  Erolcha (D:12)
  2 hydras (D:13)
  A catoblepas (D:9)
  A centaur warrior (D:13)
  4 two-headed ogres
  A shadow wraith (D:13)
  A fire crab (shapeshifter) (D:13)
  3 unseen horrors (D:10)
  A wizard (D:13)
  A lindwurm (D:13)
  An oklob plant (D:11)
  2 manticores (D:13)
  Joseph (D:9)
  2 tengu conjurers
  A komodo dragon (D:9)
  4 hippogriffs
  A shadow (D:13)
  2 wraiths
  Sigmund (D:5)
  4 yaks (D:11)
  A wyvern (D:9)
  Menkaure (D:5)
  Edmund (D:4)
  A water moccasin (D:11)
  3 ice beasts
  3 phantoms
  6 orc warriors
  4 sky beasts
  6 ogres
  6 centaurs
  A crocodile (D:13)
  2 big kobolds
  Blork the orc (D:4)
  7 bullfrogs
  2 water moccasin zombies
  A water moccasin skeleton (D:8)
  4 scorpions
  5 wights
  25 killer bees
  6 crimson imps
  A bullfrog zombie (D:9)
  2 centaur zombies
  4 hounds
  6 orc wizards
  5 orc priests
  A jelly (D:8)
  A bullfrog skeleton (D:7)
  3 centaur skeletons
  Terence (D:3)
  2 iguanas
  9 worker ants
  A hound zombie (D:7)
  3 hound skeletons
  4 gnolls (D:9)
  A howler monkey skeleton (D:10)
  9 adders
  4 shadow imps
  An ooze (D:5)
  2 adder skeletons (D:8)
  2 worms
  3 dart slugs
  5 leopard geckos
  26 orcs
  5 giant cockroaches
  4 goblins
  11 hobgoblins
  4 jackals (D:3)
  3 quokkas
  12 bats
  6 frilled lizards
  16 kobolds
  A leopard gecko skeleton (D:4)
  7 rats
  A spectral orc (D:8)
289 creatures vanquished.

Vanquished Creatures (others)
  A worker ant (D:13)
  4 plants (D:11)
5 creatures vanquished.

Grand Total: 294 creatures vanquished

Notes
Turn   | Place    | Note
-------+----------+-------------------------------------------
     0 | D:1      | Omegatherion the Gargoyle Fighter began the quest for the Orb.
     0 | D:1      | Reached XP level 1. HP: 14/14 MP: 1/1
   159 | D:1      | Reached XP level 2. HP: 17/19 MP: 2/2
   314 | D:1      | Reached XP level 3. HP: 23/23 MP: 3/3
   806 | D:2      | Found a shattered altar of Ashenzari.
  1167 | D:3      | Noticed Terence
  1173 | D:3      | Killed Terence
  1173 | D:3      | Reached XP level 4. HP: 29/29 MP: 4/4
  1275 | D:3      | Found a hide-covered altar of Uskayaw.
  1688 | D:3      | Found a glowing golden altar of the Shining One.
  1697 | D:3      | Became a worshipper of the Shining One
  2012 | D:4      | Reached XP level 5. HP: 23/33 MP: 5/5
  2122 | D:4      | Found a stormy altar of Qazlal.
  2134 | D:4      | Found a staircase to the Ecumenical Temple.
  2260 | D:4      | Noticed Edmund
  2313 | D:4      | Killed Edmund
  2313 | D:4      | Reached XP level 6. HP: 6/39 MP: 6/6
  2846 | D:4      | Noticed Blork the orc
  2877 | D:5      | Entered Level 5 of the Dungeon
  2892 | D:4      | Killed Blork the orc
  2892 | D:4      | Reached skill level 5 in Armour
  3117 | D:4      | Reached skill level 1 in Invocations
  3117 | D:4      | Reached XP level 7. HP: 39/44 MP: 7/7
  3139 | D:4      | Reached skill level 5 in Fighting
  3139 | D:4      | Reached skill level 5 in Shields
  3489 | D:5      | Reached * piety under the Shining One
  3564 | D:5      | Noticed Sigmund
  3592 | D:5      | Killed Sigmund
  3597 | D:5      | Noticed Menkaure
  3698 | D:5      | Killed Menkaure
  3698 | D:5      | Reached XP level 8. HP: 33/51 MP: 8/10
  4140 | D:6      | Found Piptogg's Gadget Emporium.
  4208 | D:6      | Found an opulent altar of Gozag.
  4518 | D:6      | Found a bloodstained altar of Trog.
  4559 | D:6      | Noticed a hippogriff
  4565 | D:6      | Killed a hippogriff
  4565 | D:6      | Reached skill level 5 in Maces & Flails
  4604 | D:6      | Found a sparkling altar of Nemelex Xobeh.
  5177 | D:7      | Reached XP level 9. HP: 52/56 MP: 12/12
  5221 | D:7      | Reached ** piety under the Shining One
  5525 | D:8      | Found a basalt altar of Yredelemnul.
  5661 | D:8      | Found a shadowy altar of Dithmenos.
  5717 | D:8      | Reached skill level 5 in Invocations
  6370 | D:9      | Noticed a two-headed ogre
  6387 | D:10     | Entered Level 10 of the Dungeon
  6391 | D:10     | Killed a two-headed ogre
  6391 | D:10     | Reached XP level 10. HP: 38/64 MP: 14/14
  6610 | D:9      | Found an ancient bone altar of Kikubaaqudgha.
  7139 | D:9      | Noticed Joseph
  7140 | D:9      | Noticed a two-headed ogre
  7141 | D:9      | Noticed a catoblepas
  7141 | D:9      | Reached *** piety under the Shining One
  7168 | D:9      | Killed a two-headed ogre
  7376 | D:9      | Killed a catoblepas
  7621 | D:9      | Killed Joseph
  7621 | D:9      | Reached XP level 11. HP: 51/69 MP: 16/16
  7638 | D:9      | Got an iridescent whip
  7652 | D:9      | Identified the cursed +1 whip of Imbalance {protect, +Inv Int+7} (You found it on level 9 of the Dungeon)
  7930 | D:9      | Found a glowing silver altar of Zin.
  7943 | D:9      | Found a burning altar of Makhleb.
  7949 | D:9      | Noticed a balrug
  7951 | D:9      | Noticed an angel
  7975 | D:9      | Noticed Maurice
  8477 | D:10     | Noticed an unseen horror
  8492 | D:10     | Killed an unseen horror
  8500 | D:10     | Noticed an unseen horror
  8522 | D:10     | Killed an unseen horror
  8688 | D:10     | Noticed a two-headed ogre
  8696 | D:10     | Killed a two-headed ogre
  9082 | D:10     | Noticed an unseen horror
  9095 | D:10     | Killed an unseen horror
  9121 | D:11     | Noticed a two-headed ogre
  9129 | D:11     | Killed a two-headed ogre
  9159 | D:11     | Noticed an oklob plant
  9166 | D:11     | Found a staircase to the Lair.
  9185 | D:11     | Reached **** piety under the Shining One
  9983 | D:11     | Reached skill level 10 in Fighting
  9999 | D:11     | Reached skill level 10 in Shields
 10006 | D:11     | Reached XP level 12. HP: 59/77 MP: 18/18
 10027 | D:11     | Reached skill level 10 in Armour
 10170 | D:12     | Got an ichor-stained ring mail
 10181 | D:12     | Identified the +2 ring mail of Peek-a-Boo {rC++ Str-4 Slay+6} (You found it on level 12 of the Dungeon)
 10219 | D:12     | Noticed Erolcha
 10227 | D:12     | Killed Erolcha
 10251 | D:12     | Noticed zebratul's ghost (journeyman DsGl)
 10273 | D:12     | Killed zebratul's ghost
 10346 | D:12     | Noticed Urug
 10353 | D:13     | Noticed a four-headed hydra
 10366 | D:13     | Killed a four-headed hydra
 10449 | D:13     | Noticed a centaur warrior
 10461 | D:13     | Killed a centaur warrior
 10471 | D:13     | Noticed Snorg
 10487 | D:13     | Killed Snorg
 10491 | D:13     | Noticed a five-headed hydra
 10507 | D:13     | Killed a five-headed hydra
 10728 | D:13     | Reached skill level 10 in Invocations
 10777 | D:13     | Noticed a tengu warrior
 10792 | D:13     | HP: 2/80 [tengu warrior/war axe[a tengu conjurer] (4)]
 10792 | D:13     | Killed from afar by a raiju (shapeshifter)

Skill      XL: |  1  2  3  4  5  6  7  8  9 10 11 12 |
---------------+-------------------------------------+-----
Armour         | 4 5 6 7 8 9 11 | 11.0
Shields        | 4 5 6 7 8 10 11 | 11.1
Fighting       | 4 5 6 7 8 10 11 | 11.1
Maces & Flails | 3 4 5 6 7 8 9 |  9.9
Invocations    | 1 2 4 6 7 8 10 | 10.0

Action                   |  1- 3 |  4- 6 |  7- 9 | 10-12 || total
-------------------------+-------+-------+-------+-------++-------
Melee: Flail             |   180 |   237 |   284 |   707 ||  1408
       Mace              |       |       |       |    64 ||    64
Invok: Cleansing Flame   |       |       |       |     6 ||     6
       Divine Shield     |       |       |       |     1 ||     1
Evoke: Wand              |       |       |       |     3 ||     3
  Use: Scroll            |       |       |     1 |    12 ||    13
       Potion            |       |       |       |     6 ||     6
  Eat: Chunk             |     1 |     6 |    12 |    13 ||    32
       Royal jelly       |       |       |       |     1 ||     1
Armor: Scale mail        |   114 |   139 |   158 |    53 ||   464
       Plate armour      |       |       |       |   456 ||   456
       Ring mail         |       |       |       |   188 ||   188
Dodge: Dodged            |    71 |    67 |   110 |   335 ||   583
Block: Shield            |   118 |   133 |    27 |       ||   278
       Buckler           |       |       |    53 |   303 ||   356
